 Dungeon Crawl Stone Soup version 0.31.0-9-g3a7656b989 (webtiles) character file.

Game seed: 8028744553811871104

667 qw the Ducker (level 7, -1/36 HPs)
             Began as a Spriggan Hunter on Feb 2, 2024.
             Slain by an orc
             ... wielding a +0 club
              (4 damage)
             ... on level 4 of the Dungeon.
             The game lasted 00:00:13 (3152 turns).

qw the Ducker (Spriggan Hunter)                     Turns: 3152, Time: 00:00:14

Health: -1/36      AC:  2    Str: 16    XL:     7   Next: 31%
Magic:  8/8        EV: 25    Int:  5    God:
Gold:   221        SH:  0    Dex: 27    Spells: 6/6 levels left

rFire   + + +        a - +1 shortbow
rCold   . . .        (shield currently unavailable)
rNeg    . . .        c - +0 robe
rPois   +            (helmet restricted)
rElec   .            (no cloak)
rCorr   .            (gloves unavailable)
SInv    +            (boots unavailable)
Will    +....        (no amulet)
Stlth   +++          h - ring "Vinny" {Fly rPois rF+++ Str+6 Int-5}
HPRegen 0.26/turn    g - ring "Plog" {Str+3 Dex+6 SInv}
MPRegen 0.11/turn

%: no passive effects
@: lethally poisoned (-1 -> -6), about to teleport, flying, very quick
A: very small, no large weapons, unfitting armour, see invisible, speed 3,
mutation resistance 1
a: no special abilities


You were on level 4 of the Dungeon.
You visited 1 branch of the dungeon, and saw 5 of its levels.

You collected 221 gold pieces.


Innate Abilities, Weirdness & Mutations

You are very small and have problems with some larger weapons.
You are too small for most types of armour.
You have supernaturally acute eyesight. (SInv)
You cover ground extremely quickly. (Speed+++)
You are somewhat resistant to further mutation.


   Skills:
 - Level 3.5 Fighting
 - Level 6.1 Ranged Weapons
 + Level 7.3 Dodging
 - Level 1.5 Stealth


You had 6 spell levels left.
You didn't know any spells.
Your spell library was empty.

Inventory:

Hand Weapons
 a - a +1 shortbow (weapon)
Armour
 c - a +0 robe (worn)
Jewellery
 g - the ring "Plog" (right hand) {Str+3 Dex+6 SInv}
   (You acquired it on level 1 of the Dungeon)

   [ring of dexterity]

   Str+3:     It affects your strength (+3).
   Dex+6:     It affects your dexterity (+6).
   SInv:      It lets you see invisible.
 h - the ring "Vinny" (left hand) {Fly rPois rF+++ Str+6 Int-5}
   (You acquired it on level 4 of the Dungeon)

   [ring of strength]

   Str+6:     It affects your strength (+6).
   Int-5:     It affects your intelligence (-5).
   rF+++:     It renders you almost immune to fire.
   rPois:     It protects you from poison Fly: It grants you flight.
Wands
 b - a wand of flame (9)
Scrolls
 k - a scroll of teleportation
Potions
 d - 2 potions of mutation
 f - 5 potions of curing
 l - a potion of might {unknown}
 m - a potion of resistance {unknown}

Dungeon Overview and Level Annotations

Branches:
Dungeon (5/15)
 Temple: D:4-7

Altars:
Fedhas
The Shining One

Annotations:
D:3 1 runed translucent door, Crazy Yiuf


Message History

You shoot an arrow. The arrow hits the iguana.
You kill the iguana!
The scorpion completely misses you. The orc hits you with a +0 club.
You shoot an arrow. The arrow hits the scorpion!
The scorpion is moderately wounded.
The scorpion completely misses you. The orc completely misses you.
The scorpion misses you.
You shoot an arrow. The arrow hits the scorpion.
The scorpion is heavily wounded.
The orc closely misses you. The scorpion closely misses you.
You shoot an arrow. The arrow hits the scorpion.
The scorpion is heavily wounded.
The scorpion barely misses you. The orc misses you.
You shoot an arrow.
The arrow completely misses the scorpion.
The scorpion misses you. The orc completely misses you.
The scorpion completely misses you.
You shoot an arrow. The arrow closely misses the scorpion.
The orc completely misses you. The scorpion misses you.
You shoot an arrow. The arrow hits the scorpion.
The scorpion is heavily wounded.
The orc misses you. The scorpion closely misses you. The orc misses you.
You shoot an arrow. The arrow barely misses the scorpion.
The scorpion completely misses you. The orc closely misses you.
The scorpion stings you.
You are lethally poisoned!
The scorpion poisons you!
3150 ||| READING 2 scrolls of teleportation.
As you read the scroll of teleportation, it crumbles to dust.
You feel strangely unstable.
You feel very sick. The scorpion completely misses you. The orc misses you.
You shoot an arrow.
The arrow hits the scorpion but does no damage.
The scorpion is heavily wounded.
You feel sick. The scorpion barely misses you. The orc completely misses you.
You shoot an arrow. The arrow hits the scorpion!
You kill the scorpion!
You feel sick. The orc hits you with a +0 club.
You die...

.......##.####
#..######8###..
.......##...<# #..#
##.##.##..
#####....###.######..#
#..###.#.. ..#
#....#...........####...#.#..
..#
#.........##...#.##)..##.##..
..#
#....#....##)##..#.#8...#.#..
..#
#....#.......##..#...)..###.#
..#
#....#...#..##....([.....##.#
..#
#....#......@....#..###..##)#
..#
##..######.o%..#.#.###.#..#.#
### ##(##
#..###.).########...# #
#.!####........##.....###.# #
##..#.....###.............# #
##...###.######......#...# #
##.............##.#.....# #
###..######...##.##..###...
#######...##
#......###..##.##


You could see an orc.

Vanquished Creatures
  Grinder (D:4)
  A black bear (D:5)
  2 scorpions (D:4)
  A bombardier beetle (D:4)
  2 orc priests
  An iguana (D:4)
  2 orc wizards (D:4)
  4 adders
  3 gnolls (D:2)
  2 ufetubi (D:4)
  A ribbon worm (D:3)
  7 orcs
  3 ball pythons
  7 endoplasms
  4 giant cockroaches
  6 goblins
  10 hobgoblins
  6 jackals (D:1)
  5 quokkas (D:2)
  7 bats
  A frilled lizard (D:3)
  4 kobolds
  6 rats
86 creatures vanquished.

Notes
Turn   | Place    | Note
-------+----------+-------------------------------------------
     0 | D:1      | qw the Spriggan Hunter began the quest for the Orb.
     0 | D:1      | Reached XP level 1. HP: 10/10 MP: 2/2
     0 | D:1      | 0 ||| qw: Version: 0.3-a-155-g5e7d8dd
     0 | D:1      | 0 ||| qw: Game counter: 1862
     0 | D:1      | 0 ||| qw: Melee chars always use a shield: true
     0 | D:1      | 0 ||| qw: God list: Okawaru
     0 | D:1      | 0 ||| qw: Allow faded altars: false
     0 | D:1      | 0 ||| qw: Do Orc after clearing Dungeon:15 true
     0 | D:1      | 0 ||| qw: Do second Lair branch before Depths: true
     0 | D:1      | 0 ||| qw: Lair rune preference: random
     0 | D:1      | 0 ||| qw: Goals: Normal
     0 | D:1      | 0 ||| PLANNING D:1-11
    51 | D:1      | Reached skill level 3 in Dodging
   163 | D:1      | Reached XP level 2. HP: 14/14 MP: 3/3
   173 | D:1      | Reached skill level 4 in Dodging
   713 | D:1      | 713 ||| UPGRADING to ring of protection from fire.
   714 | D:1      | 714 ||| READING scroll labelled ZYNGUF GANNUF.
   715 | D:1      | 715 ||| READING scroll labelled JANENA SOPP.
   715 | D:1      | Identified a scroll of acquirement
   715 | D:1      | 715 ||| ACQUIRING ring "Plog" {Str+3 Dex+6 SInv}
   715 | D:1      | Acquired the ring "Plog" {Str+3 Dex+6 SInv}
   717 | D:1      | 717 ||| UPGRADING to ring "Plog" {Str+3 Dex+6 SInv}.
   718 | D:1      | 718 ||| DRINKING 3 yellow potions.
   718 | D:1      | Gained mutation: You are somewhat resistant to further
                  | mutation. [potion of mutation]
   719 | D:1      | 719 ||| DROPPING scroll of butterflies.
   738 | D:2      | Reached XP level 3. HP: 18/18 MP: 4/4
  1196 | D:2      | Reached skill level 5 in Dodging
  1202 | D:2      | Reached XP level 4. HP: 22/22 MP: 5/5
  1324 | D:2      | 1324 ||| DROPPING scarf of harm.
  1325 | D:2      | 1325 ||| READING 4 scrolls labelled MAYHIECIGI.
  1329 | D:2      | 1329 ||| READING scroll labelled VUEROW ZODOL.
  1330 | D:2      | 1330 ||| DRINKING 2 red potions.
  1331 | D:2      | 1331 ||| DRINKING 3 inky potions.
  1332 | D:2      | 1332 ||| DROPPING potion of brilliance.
  1334 | D:2      | 1334 ||| Stepping ~*~*~tactically~*~*~ (cloud).
  1342 | D:2      | HP: 5/22 [poisoned by you (poison gas)]
  1735 | D:3      | Found a glowing golden altar of the Shining One.
  1816 | D:3      | HP: 5/22 [orc priest/divine providence (10)]
  1817 | D:3      | 1817 ||| READING 3 scrolls of teleportation.
  1949 | D:3      | Found a runed translucent door.
  1950 | D:3      | Noticed Crazy Yiuf
  2003 | D:3      | Reached XP level 5. HP: 24/25 MP: 6/6
  2211 | D:3      | 2211 ||| READING scroll labelled KIFASE JOWIUQ.
  2211 | D:3      | 2211 ||| IDENTIFYING cyan potion
  2212 | D:3      | 2212 ||| DROPPING potion of degeneration.
  2235 | D:4      | 2235 ||| READING scroll of acquirement.
  2235 | D:4      | 2235 ||| ACQUIRING ring "Vinny" {Fly rPois rF+++ Str+6
                  | Int-5}
  2235 | D:4      | Acquired the ring "Vinny" {Fly rPois rF+++ Str+6 Int-5}
  2237 | D:4      | 2237 ||| UPGRADING to ring "Vinny" {Fly rPois rF+++ Str+6
                  | Int-5}.
  2258 | D:4      | Reached skill level 6 in Dodging
  2278 | D:4      | Noticed Grinder
  2279 | D:4      | 2279 ||| ZAPPING wand of flame (20) at 7,6 (Grinder;
                  | floor).
  2280 | D:4      | 2280 ||| ZAPPING wand of flame (19) at 6,6 (Grinder;
                  | floor).
  2281 | D:4      | 2281 ||| ZAPPING wand of flame (18) at 5,5 (Grinder;
                  | floor).
  2282 | D:4      | 2282 ||| ZAPPING wand of flame (17) at 5,5 (Grinder;
                  | floor).
  2283 | D:4      | 2283 ||| ZAPPING wand of flame (16) at 4,4 (Grinder;
                  | floor).
  2284 | D:4      | 2284 ||| ZAPPING wand of flame (15) at 3,3 (Grinder;
                  | stone_stairs_down_iii).
  2285 | D:4      | 2285 ||| ZAPPING wand of flame (14) at 2,2 (Grinder;
                  | floor).
  2286 | D:4      | 2286 ||| ZAPPING wand of flame (13) at 1,1 (Grinder;
                  | floor).
  2287 | D:4      | 2287 ||| ZAPPING wand of flame (12) at 1,1 (Grinder;
                  | floor).
  2288 | D:4      | 2288 ||| ZAPPING wand of flame (11) at 1,1 (Grinder;
                  | floor).
  2289 | D:4      | 2289 ||| ZAPPING wand of flame (10) at 1,1 (Grinder;
                  | floor).
  2289 | D:4      | Killed Grinder
  2290 | D:4      | Reached skill level 3 in Fighting
  2290 | D:4      | Reached XP level 6. HP: 16/32 MP: 7/7
  2430 | D:4      | 2430 ||| FLEEEEING.
  2577 | D:4      | Found a blossoming altar of Fedhas.
  2878 | D:4      | 2878 ||| DROPPING ring of positive energy.
  2879 | D:4      | 2879 ||| DROPPING ring of protection from fire.
  2880 | D:4      | 2880 ||| READING scroll of identify.
  2880 | D:4      | 2880 ||| IDENTIFYING coppery potion
  2881 | D:4      | 2881 ||| READING scroll labelled RAMO VONLITZ.
  2938 | D:4      | 2938 ||| READING scroll labelled BEUQINUDUPP.
  2938 | D:4      | 2938 ||| ENCHANTING +0 shortbow.
  2939 | D:4      | 2939 ||| DROPPING potion of berserk rage.
  2949 | D:5      | Entered Level 5 of the Dungeon
  2952 | D:5      | 2952 ||| STAIRDANCE
  2956 | D:4      | Reached skill level 6 in Ranged Weapons
  2956 | D:4      | Reached XP level 7. HP: 30/36 MP: 8/8
  2986 | D:5      | Reached skill level 7 in Dodging
  3023 | D:5      | 3023 ||| FLEEEEING.
  3024 | D:5      | 3024 ||| FLEEEEING.
  3025 | D:5      | 3025 ||| FLEEEEING.
  3027 | D:5      | 3027 ||| FLEEEEING.
  3028 | D:5      | 3028 ||| FLEEEEING.
  3029 | D:5      | 3029 ||| STAIRDANCE
  3137 | D:5      | 3137 ||| STAIRDANCE
  3149 | D:4      | HP: 9/36 [scorpion (6)]
  3150 | D:4      | 3150 ||| READING 2 scrolls of teleportation.
  3152 | D:4      | HP: 3/36 [poisoned by a scorpion]
  3152 | D:4      | Slain by an orc

Levels and vault maps discovered:
D:1:      heliophobic_arrival_battle_scene, layout_basic
D:2:      layout_loops_ring
D:3:      layout_loops_cross, tso_oasis_becter, minmay_quadrilaterals,
          uniq_crazy_yiuf_cottage
D:4:      layout_rooms, kennysheep_little_box, guppyfry_early_orc_mine,
          uniq_grinder
D:5:      layout_rooms, mainiacjoe_overflow_alcove_2, old_standard_altar,
          minmay_temple_entry_waves

Skill      XL: |  1  2  3  4  5  6  7 |
---------------+----------------------+-----
Dodging        | 3 4 5 6 7 |  7.3
Ranged Weapons | 5 6 |  6.1
Fighting       | 3 |  3.5
Stealth        | |  1.5

Action                     |  1- 3 |  4- 6 |  7- 9 || total
---------------------------+-------+-------+-------++-------
   Fire: Shortbow          |    93 |   133 |    20 ||   246
  Evoke: Wand              |       |    11 |       ||    11
    Use: Scroll            |     2 |     8 |     1 ||    11
         Potion            |     1 |     2 |       ||     3
 Armour: Robe              |     8 |     9 |    10 ||    27
  Dodge: Dodged            |    18 |    43 |    50 ||   111

Table legend:
 A = Non-vault XP
 B = Vault XP
 C = Vault XP percentage of total XP
 D = Non-vault monster count
 E = Vault monster count
 F = Vault count percentage of total count
                 A         B        C        D         E       F
            +---------+---------+-------+---------+---------+-------
      Total |     631 |     409 |  39.3 |      75 |      11 |  12.8
            +---------+---------+-------+---------+---------+-------
        D:1 |      40 |       0 |   0.0 |      21 |       0 |   0.0
        D:2 |      84 |       0 |   0.0 |      22 |       0 |   0.0
        D:3 |      66 |      17 |  20.5 |      14 |       3 |  17.6
        D:4 |     304 |     392 |  56.3 |      16 |       8 |  33.3
        D:5 |     137 |       0 |   0.0 |       2 |       0 |   0.0
            +---------+---------+-------+---------+---------+-------
